 Dungeon Crawl Stone Soup version 0.21.1-1-g345015fe64 (webtiles) character file.

18403 GuyWithAPlan the Grappler (level 12, 0/177 HPs)
             Began as a Troll Monk on Feb 6, 2018.
             Was a Priest of Qazlal.
             Succumbed to a green ugly thing's poison
             ... on level 11 of the Dungeon.
             The game lasted 00:33:06 (11795 turns).

GuyWithAPlan the Grappler (Troll Monk)             Turns: 11795, Time: 00:33:06

Health: 0/177      AC:  6    Str: 27    XL:     12   Next: 27%
Magic:  11/11      EV: 17    Int:  6    God:    Qazlal [***...]
Gold:   694        SH:  4    Dex: 16    Spells: 11/11 levels left

rFire    + . .     SeeInvis .     - Unarmed
rCold    + . .     Gourm    +   (no shield)
rNeg     . . .     Faith    .   a - +1 robe
rPois    .         Spirit   .   (helmet restricted)
rElec    .         Reflect  .   (no cloak)
rCorr    .         Harm     .   (gloves unavailable)
MR       .....                  (boots unavailable)
Stlth    ..........             G - amulet of rage
HPRegen  0.79/turn              H - ring of protection from fire
MPRegen  0.12/turn              e - ring of protection from cold

@: berserking, lethally poisoned (0 -> -5), very quick
A: large, unfitting armour, claws 3, fast metabolism 3, gourmand, regeneration
1, shaggy fur 1, tough skin 2
a: Upheaval, Elemental Force, Renounce Religion, Evoke Berserk Rage


You were on level 11 of the Dungeon.
You worshipped Qazlal.
Qazlal was most pleased with you.
You were not hungry.

You visited 4 branches of the dungeon, and saw 19 of its levels.
You also visited: Sewer and Ossuary.

You collected 694 gold pieces.

Inventory:

Armour
 a - a +1 robe (worn)
Jewellery
 e - a ring of protection from cold (right claw)
 p - an uncursed ring of positive energy
 B - an uncursed amulet of regeneration
 C - an uncursed amulet of harm
 G - an amulet of rage (around neck)
 H - a ring of protection from fire (left claw)
Wands
 r - a wand of paralysis (24)
 t - a wand of digging (9)
 w - a wand of scattershot (1)
 z - a wand of flame (39)
 F - a wand of enslavement (3)
Scrolls
 g - 5 scrolls of teleportation
 h - 4 scrolls of blinking
 j - 4 scrolls of fog
 k - 3 scrolls of magic mapping
 o - 2 scrolls of immolation
 s - 2 scrolls of fear
 v - 3 scrolls of enchant armour
 y - a scroll of remove curse
Potions
 c - a potion of magic
 f - a potion of haste
 l - 5 potions of curing
 m - 4 potions of heal wounds
 n - 3 potions of brilliance
 q - a potion of flight
 u - 2 potions of lignification
 x - 9 potions of degeneration
 I - a potion of mutation
Books
 d - a book of Flames

   Spells                             Type                      Level
   a - Flame Tongue                   Conjuration/Fire             1
   b - Throw Flame                    Conjuration/Fire             2
   c - Conjure Flame                  Conjuration/Fire             3
   d - Inner Flame                    Hexes/Fire                   3
   e - Sticky Flame                   Conjuration/Fire             4
   f - Fireball                       Conjuration/Fire             5
 A - a book of Cantrips

   Spells                             Type                      Level
   a - Confusing Touch                Hexes                        1
   b - Animate Skeleton               Necromancy                   1
   c - Summon Small Mammal            Summoning                    1
   d - Apportation                    Translocation                1
Comestibles
 b - 28 rations


   Skills:
 - Level 7.0 Fighting
 - Level 11.0 Dodging
 - Level 1.0 Stealth
 + Level 13.8 Unarmed Combat


You had 11 spell levels left.
You didn't know any spells.

Dungeon Overview and Level Annotations

Branches:
Dungeon (11/15)            Temple (1/1) D:4            Lair (6/6) D:9
 Shoals (0/4) Lair:4        Slime (0/5) Lair:6          Orc (1/2) D:10
  Snake: Lair:2-4    Spider: Lair:2-4

Altars:
Ashenzari
Cheibriados
Dithmenos
Elyvilon
Fedhas
Gozag
Hepliaklqana
Kikubaaqudgha
Makhleb
Nemelex Xobeh
Okawaru
Qazlal
Ru
Sif Muna
Trog
Uskayaw
Vehumet
Wu Jian
Xom
Yredelemnul
Zin
The Shining One
Beogh

Annotations:
Lair:1 exclusions: bullfrog and 4 oklob plants
Lair:6 exclusion: oklob plant


Innate Abilities, Weirdness & Mutations

You are too large for most types of armour.
You have claws for hands.
Your metabolism is lightning-fast.
You like to eat raw meat.
Your natural rate of healing is unusually fast.
You are covered in fur. (AC +1)
You have very tough skin. (AC +2)


Message History

* * * LOW HITPOINT WARNING * * *
You barely miss the green ugly thing.
The green ugly thing is almost dead.
You feel sick. The yak gores you!
* * * LOW HITPOINT WARNING * * *
The yak misses you.
You mangle the green ugly thing!!
You kill the green ugly thing!
Qazlal accepts your kill.
You feel sick. You block the yak's attack.
You mangle the yak!!
The yak is almost dead.
You feel sick. The yak gores you!
* * * LOW HITPOINT WARNING * * *
The yak gores you.
* * * LOW HITPOINT WARNING * * *
Unknown command.
You barely miss the yak. Your claw misses the yak.
The yak is almost dead.
You die...

... ......
..# ......
..# ...... ..
......####.##
...........#
..........#
####+#.YY...#
.......@Y####
.......†.#
.........#
....[....#
####'##### #.
#


You could see 3 yaks.

Vanquished Creatures
  Snorg (Lair:5)
  2 two-headed ogres
  An orc sorcerer (Orc:1)
  2 ugly things
  A black mamba (Lair:4)
  5 spiny frogs
  2 komodo dragons (Lair:4)
  3 trolls
  A polar bear (Lair:5)
  2 hippogriffs
  9 blink frogs
  A wyvern (Lair:5)
  21 yaks
  A hungry ghost (D:7)
  2 basilisks
  The ghost of FreshCat the Firebug, an amateur DrFE (D:3)
  2 water moccasins
  2 ice beasts
  9 orc warriors
  A necrophage (D:9)
  A swamp drake (D:10)
  2 black bears (D:10)
  A sky beast (D:10)
  3 ogres
  9 wolves
  5 centaurs
  2 crocodiles (Lair:5)
  3 elf zombies (Ossuary)
  A big kobold (D:7)
  8 bullfrogs
  5 scorpions
  3 killer bees (D:7)
  5 wights (D:8)
  A howler monkey (D:4)
  2 crimson imps
  A bullfrog zombie (D:6)
  A centaur zombie (Ossuary)
  3 human zombies (Ossuary)
  5 jellies
  5 orc priests
  6 hounds
  13 orc wizards
  A bullfrog skeleton (D:4)
  A centaur skeleton (D:10)
  Jessica (D:2)
  2 iguanas
  2 worker ants
  3 hound zombies (Ossuary)
  A hound skeleton (D:10)
  3 mummies (Ossuary)
  A gnoll (D:1)
  16 adders
  5 river rats (Sewer)
  A shadow imp (D:6)
  7 oozes
  5 adder zombies
  An adder skeleton (D:4)
  4 worms
  3 dart slugs (D:1)
  7 leopard geckos
  72 orcs
  6 giant cockroaches
  7 goblins
  6 hobgoblins
  2 jackals (D:10)
  19 kobolds
  4 quokkas
  12 ball pythons
  5 bats
  9 frilled lizards
  3 goblin zombies (Ossuary)
  6 hobgoblin zombies (Ossuary)
  A jackal skeleton (D:6)
  A jackal zombie (Ossuary)
  5 kobold zombies (Ossuary)
  3 quokka zombies (Ossuary)
  38 rats
  4 rat zombies (Ossuary)
  A plant (D:1)
422 creatures vanquished.

Vanquished Creatures (others)
  2 fungi
2 creatures vanquished.

Grand Total: 424 creatures vanquished

Notes
Turn   | Place    | Note
-------+----------+-------------------------------------------
     0 | D:1      | GuyWithAPlan the Troll Monk began the quest for the Orb.
     0 | D:1      | Reached XP level 1. HP: 22/22 MP: 0/0
   110 | D:1      | Reached XP level 2. HP: 29/29 MP: 1/1
   482 | D:1      | Reached XP level 3. HP: 35/36 MP: 2/2
   586 | D:1      | Reached skill level 4 in Unarmed Combat
  1135 | D:2      | Reached XP level 4. HP: 44/44 MP: 3/3
  1482 | D:2      | Noticed Jessica
  1485 | D:2      | Killed Jessica
  1485 | D:2      | Reached skill level 5 in Unarmed Combat
  1666 | D:3      | Found a glowing drain.
  1691 | Sewer    | Entered a sewer
  1757 | Sewer    | Reached XP level 5. HP: 41/50 MP: 4/4
  1838 | Sewer    | Reached skill level 6 in Unarmed Combat
  1958 | Sewer    | Reached XP level 6. HP: 19/59 MP: 5/5
  1962 | Sewer    | Reached skill level 7 in Unarmed Combat
  2113 | D:3      | Noticed FreshCat's ghost (amateur DrFE)
  2153 | D:3      | Killed FreshCat's ghost
  2194 | D:3      | Reached XP level 7. HP: 62/66 MP: 6/6
  2208 | D:3      | Reached skill level 8 in Unarmed Combat
  2618 | D:3      | Found a sparkling altar of Nemelex Xobeh.
  2618 | D:3      | Found an iron altar of Okawaru.
  3175 | D:4      | Reached skill level 9 in Unarmed Combat
  3199 | D:4      | Found a basalt altar of Yredelemnul.
  3245 | D:4      | Found a staircase to the Ecumenical Temple.
  3618 | Temple   | Entered the Ecumenical Temple
  3693 | D:5      | Entered Level 5 of the Dungeon
  3868 | D:5      | Reached XP level 8. HP: 28/74 MP: 7/7
  4127 | D:5      | Found a glowing silver altar of Zin.
  4128 | D:5      | Found a sacrificial altar of Ru.
  4166 | D:5      | Reached skill level 10 in Unarmed Combat
  4652 | D:6      | Found a blossoming altar of Fedhas.
  4828 | D:6      | Reached skill level 5 in Dodging
  4847 | D:6      | Found a deep blue altar of Sif Muna.
  4979 | D:7      | Reached XP level 9. HP: 79/80 MP: 8/8
  5587 | D:8      | Found a sand-covered staircase.
  5604 | Ossuary  | Entered an ossuary
  6006 | D:8      | Noticed a two-headed ogre
  6010 | D:8      | Killed a two-headed ogre
  6112 | D:8      | Reached XP level 10. HP: 78/88 MP: 9/9
  6525 | D:8      | Found a roughly hewn altar of Beogh.
  6860 | D:9      | Reached skill level 10 in Dodging
  7209 | D:9      | Found a staircase to the Lair.
  7218 | Lair:1   | Entered Level 1 of the Lair of Beasts
  7255 | Lair:1   | Noticed a spiny frog
  7266 | Lair:1   | Killed a spiny frog
  7355 | Lair:1   | Noticed an oklob plant
  7355 | Lair:1   | Noticed an oklob plant
  7355 | Lair:1   | Noticed an oklob plant
  7355 | Lair:1   | Noticed an oklob plant
  7726 | Lair:3   | Noticed a seven-headed hydra
  7760 | Lair:3   | Reached skill level 5 in Fighting
  7770 | Lair:3   | Reached XP level 11. HP: 101/104 MP: 10/10
  8138 | Lair:6   | Entered Level 6 of the Lair of Beasts
  8138 | Lair:6   | Noticed an oklob plant
  8617 | Lair:5   | Reached skill level 11 in Unarmed Combat
  8651 | Lair:5   | Noticed Snorg
  8667 | Lair:5   | Killed Snorg
  8928 | Lair:5   | Reached skill level 12 in Unarmed Combat
  9673 | Temple   | Became a worshipper of Qazlal Stormbringer
  9673 | Temple   | Reached * piety under Qazlal
  9673 | Temple   | Reached ** piety under Qazlal
 10138 | D:9      | You fall through a shaft!
 10138 | D:10     | Entered Level 10 of the Dungeon
 10427 | D:10     | Noticed a red ugly thing
 10446 | D:10     | Killed a red ugly thing
 10614 | D:10     | Found an opulent altar of Gozag.
 10625 | D:10     | Reached XP level 12. HP: 110/118 MP: 11/11
 10711 | D:10     | Reached skill level 13 in Unarmed Combat
 10780 | D:10     | Reached *** piety under Qazlal
 10783 | D:10     | Found a staircase to the Orcish Mines.
 11334 | Orc:1    | Entered Level 1 of the Orcish Mines
 11440 | Orc:1    | Noticed a two-headed ogre
 11451 | Orc:1    | Killed a two-headed ogre
 11548 | Orc:1    | Noticed an ettin
 11794 | D:11     | HP: 3/177 [yak (12)]
 11794 | D:11     | HP: 1/177 [yak (2)]
 11795 | D:11     | Succumbed to a green ugly thing's poison

Skill      XL: |  1  2  3  4  5  6  7  8  9 10 11 12 |
---------------+-------------------------------------+-----
Unarmed Combat | 4 5 6 7 9 10 12 13 | 13.8
Dodging        | 6 9 11 | 11.0
Fighting       | 5 7 |  7.0
Stealth        | |  1.0

Action                   |  1- 3 |  4- 6 |  7- 9 | 10-12 || total
-------------------------+-------+-------+-------+-------++-------
Melee: Unarmed           |    97 |   155 |   417 |   588 ||  1257
       Punch             |     1 |     6 |    16 |    40 ||    63
 Abil: Evoke Berserk Rag |       |       |       |     3 ||     3
Evoke: Wand              |       |       |     1 |    10 ||    11
  Use: Potion            |       |     2 |       |     6 ||     8
       Scroll            |       |     3 |     2 |    21 ||    26
 Stab: Sleeping          |     3 |     1 |     7 |       ||    11
       Paralysed         |       |       |     2 |       ||     2
       Invisible         |       |       |       |     1 ||     1
       Confused          |       |       |       |     2 ||     2
  Eat: Chunk             |    15 |     9 |    35 |    54 ||   113
Armor: Robe              |    23 |    79 |    76 |    46 ||   224
Dodge: Dodged            |    38 |   138 |   235 |   458 ||   869
Block: Other             |       |       |       |    15 ||    15
